cohdb
Replays
Latest Replays
All Replays
Popular Replays
Top Player Replays
Match Explorer
How It Works
Community
CoH3 Stats
Reddit
Sign in to upload your games and track your stats! →
Sign in with Steam
Match 39059157
Unlisted
Match 39059157
Overview
Messages
Build Orders
End
Construct Infanterie Kompanie
Kettenkrad Recon Vehicle
Grenadier Squad
MG 42 Machine Gun Team
GrW 34 Mortar Team
Construct Panzergrenadier Kompanie
Panzergrenadier Squad
MG 42 Machine Gun Team
Pak 40 Anti-tank Gun Team
GrW 34 Mortar Team
Construct Panzer Kompanie
Stoßtruppen Squad
Medical Bunker
Sturmpanzer IV Brummbär
Selects Breakthrough Battlegroup
Selects 2.5-tonne Cargo Truck
Selects Blitzkrieg
Panzer IV Medium Tank
Pioneer Squad
MG 42 Machine Gun Team
Side Skirts
Medical Bunker
Stoßtruppen Squad
Selects Tiger Heavy Tank
Tiger Heavy Tank
Medical Bunker
Kettenkrad Recon Vehicle
Pak 40 Anti-tank Gun Team
Pak 40 Anti-tank Gun Team
Selects Assault Grenadiers
Nuclear Viking
♛Prince-Of-Persia♛
377480068
Meleys
Chronicle
Butcher
wapple925602
wolfbane
0
0
Comments
sign in to comment!
No comments posted yet!